 Dungeon Crawl Stone Soup version 0.21.1-1-g345015fe64 (webtiles) character file.

105 Mrkan the Shield-Bearer (level 4, -5/29 HPs)
             Began as a Gargoyle Fighter on May 4, 2018.
             Killed by divine providence
             ... invoked by an orc priest
              (11 damage)
             ... on level 4 of the Dungeon.
             The game lasted 00:06:09 (1829 turns).

Mrkan the Shield-Bearer (Gargoyle Fighter)          Turns: 1829, Time: 00:06:10

Health: -5/29      AC: 15    Str: 20    XL:     4   Next: 83%
Magic:  4/4        EV:  4    Int:  9    God:
Gold:   87         SH:  9    Dex:  9    Spells: 3/3 levels left

rFire    . . .     SeeInvis .   a - +0 flail
rCold    . . .     Gourm    .   c - +0 shield
rNeg     + . .     Faith    .   u - +0 plate armour
rPois    ∞         Spirit   .   (no helmet)
rElec    +         Reflect  .   (no cloak)
rCorr    .         Harm     .   (no gloves)
MR       .....                  (no boots)
Stlth    ..........             (no amulet)
HPRegen  0.09/turn              (no ring)
MPRegen  0.09/turn              (no ring)

@: glowing
A: negative energy resistance 1, electricity resistance, unbreathing,
petrification resistance, rot immunity, AC +3
a: no special abilities


You were on level 4 of the Dungeon.
You were not hungry.

You visited 1 branch of the dungeon, and saw 4 of its levels.

You collected 87 gold pieces.

Inventory:

Hand Weapons
 a - a +0 flail (weapon)
Armour
 b - a +0 scale mail
 c - a +0 shield (worn)
 u - a +0 plate armour (worn)
Magical Staves
 n - an uncursed staff of conjuration {unknown}
Wands
 q - a wand of iceblast (9)
Scrolls
 e - 4 scrolls of identify {unknown}
 h - a scroll of enchant weapon {unknown}
 l - 2 scrolls of teleportation {unknown}
 o - a scroll of noise {unknown}
 r - a scroll of immolation {unknown}
 s - a scroll of magic mapping {unknown}
Potions
 d - a potion of might
 g - a potion of lignification {unknown}
 j - a potion of degeneration {unknown}
 k - a potion of invisibility {unknown}
 m - a potion of agility {unknown}
 p - a potion of flight {unknown}
Comestibles
 f - 6 rations
 t - 8 chunks of flesh


   Skills:
 + Level 3.7 Fighting
 + Level 2.8 Maces & Flails
 + Level 4.0 Armour
 + Level 0.3 Dodging
 + Level 0.1 Stealth
 + Level 4.5 Shields


You had 3 spell levels left.
You didn't know any spells.

Dungeon Overview and Level Annotations

Branches:
Dungeon (3/15)

Altars:
Fedhas
Qazlal
Xom

Shops:
D:4 =

Annotations:
D:4 flt's ghost, amateur SpEn


Innate Abilities, Weirdness & Mutations

You are resistant to torment.
Your stone body is resilient. (AC +3)
You are immune to poison.
You resist negative energy. (rN+)
You are resistant to electric shocks. (rElec)
You can survive without breathing.
You are immune to petrification.
You are immune to rotting.


Message History

You sock the orc!
You kill the orc!
You miss flt's ghost.
Flt's ghost hits you but does no damage. x2
You thump flt's ghost!
Flt's ghost is moderately damaged.
You block the orc priest's attack. You block flt's ghost's attack.
You closely miss flt's ghost.
Flt's ghost is moderately damaged.
The orc hits you but does no damage.
The orc priest hits you but does no damage.
Flt's ghost hits you but does no damage.
The orc hits you but does no damage. The orc hits you but does no damage.
The orc priest mumbles some strange prayers to Beogh against you.
Pain shoots through your body!
* * * LOW HITPOINT WARNING * * *
The orc priest mumbles some strange prayers to Beogh against you.
Beogh smites you!
You die...

.∩... #.... #.... #....
# ### #....
.##.#.#.############....
.......@.o.W............
....#.##..o........#.W..
. # #...........#....
#.......)........
#............####
#............####
#................
#...........####.
#............###.


You could see an orc priest, flt's ghost and an orc.

Vanquished Creatures
  An orc wizard (D:4)
  2 adders
  A worm (D:3)
  5 orcs (D:4)
  3 giant cockroaches
  6 hobgoblins
  7 jackals
  3 kobolds
  2 ball pythons (D:2)
  4 bats
  4 frilled lizards
  4 goblins
  8 rats
50 creatures vanquished.

Notes
Turn   | Place    | Note
-------+----------+-------------------------------------------
     0 | D:1      | Mrkan the Gargoyle Fighter began the quest for the Orb.
     0 | D:1      | Reached XP level 1. HP: 14/14 MP: 1/1
    40 | D:1      | Reached XP level 2. HP: 17/19 MP: 2/2
   609 | D:1      | Reached XP level 3. HP: 23/23 MP: 3/3
   880 | D:2      | Found a shimmering altar of Xom.
  1584 | D:3      | Reached XP level 4. HP: 27/28 MP: 4/4
  1644 | D:3      | Found a blossoming altar of Fedhas.
  1647 | D:3      | Found a stormy altar of Qazlal.
  1738 | D:3      | You fall through a shaft!
  1763 | D:4      | Noticed flt's ghost (amateur SpEn)
  1803 | D:4      | Found Xupy's Jewellery Emporium.
  1829 | D:4      | Killed from afar by an orc priest

Skill      XL: |  1  2  3  4 |
---------------+-------------+-----
Shields        | 4 |  4.5
Armour         | 4 |  4.0
Fighting       | |  3.7
Maces & Flails | |  2.8
Dodging        | |  0.3
Stealth        | |  0.1

Action                   |  1- 3 |  4- 6 || total
-------------------------+-------+-------++-------
Melee: Flail             |   160 |    53 ||   213
  Use: Potion            |       |     1 ||     1
  Eat: Chunk             |     2 |     1 ||     3
Armor: Scale mail        |    76 |     1 ||    77
       Plate armour      |       |    52 ||    52
Dodge: Dodged            |    50 |    13 ||    63
Block: Shield            |    99 |    41 ||   140
